Detroit Red Wings vs New York Rangers
Created - Wednesday, January 3, 2024 at 07:10
Goals
|
| Detroit Red Wings |
2 |
0 |
1 |
3 |
| New York Rangers |
0 |
0 |
1 |
1 |
|
Shots
|
| Detroit Red Wings |
13 |
8 |
14 |
35 |
| New York Rangers |
6 |
12 |
11 |
29 |
|
1st period
1. Detroit Red Wings , Patrick Kane 9 (Daniel Sprong 4) at 16:12 (PP)
2. Detroit Red Wings , Carter Verhaeghe 3 (Mika Zibanejad 5, Alexander Barabanov 7) at 17:46
Penalties :
Gabriel Landeskog (NYR) for Hooking (Minor) at 3:46, Pierre-Luc Dubois (NYR) for Cross-checking (Minor) at 10:09, Pierre-Luc Dubois (NYR) for Goalie Interference (Minor) at 16:05
2nd period
No Goal
Penalties :
Carter Verhaeghe (DET) for Hooking (Minor) at 5:43, Kevin Shattenkirk (DET) for Unsportsmanlike conduct (Minor) at 15:57
3rd period
3. Detroit Red Wings , Steven Stamkos 5 (MacKenzie Weegar 8, Alexander Barabanov 8) at 9:13
4. New York Rangers , Cole Caufield 3 (Mathew Barzal 4, Mikael Granlund 8) at 16:34 (PP)
Penalties :
Carter Verhaeghe (DET) for Hooking (Minor) at 1:57, Michael Del Zotto (DET) for Hooking (Minor) at 16:19, Carter Verhaeghe (DET) for Hooking (Minor) at 19:55
Goalie Stats
Vitek Vanecek (DET), 28 saves from 29 shots - (0.966), W, 1-2-0, 60:00 minutes
Igor Shesterkin (NYR), 32 saves from 35 shots - (0.914), L, 7-6-0, 60:00 minutes
Players Stats for Detroit Red Wings
Player Name G A P +/- PIM S H SB GA TA FO MP PP MP PK MP
------------------------------------------------------------------------------------
Alexander Barabanov 0 2 2 1 0 2 2 1 0 1 1/3 16:14 0:00 0:00
Anthony Cirelli 0 0 0 0 0 1 2 0 1 1 9/13 15:13 0:00 3:03
Arthur Kaliyev 0 0 0 0 0 1 0 0 0 2 0/0 7:51 0:00 0:00
Carter Verhaeghe 1 0 1 1 6 3 1 0 1 0 0/0 16:05 2:12 0:00
Daniel Sprong 0 1 1 0 0 2 1 0 0 0 0/2 13:26 1:53 0:00
Jared McCann 0 0 0 0 0 2 1 0 0 0 0/0 15:13 0:00 3:03
Jonathan Huberdeau 0 0 0 0 0 0 0 0 0 0 0/0 7:51 0:00 0:00
Josh Bailey 0 0 0 0 0 1 0 0 0 1 1/5 11:09 0:00 3:13
Kevin Shattenkirk 0 0 0 1 2 0 3 2 0 1 0/0 26:28 2:43 1:55
MacKenzie Weegar 0 1 1 1 0 3 1 2 0 0 0/0 27:13 2:43 3:17
Matthew Boldy 0 0 0 1 0 2 2 0 1 0 0/1 15:56 2:12 0:00
Michael Del Zotto 0 0 0 0 2 0 1 0 0 1 0/0 13:34 1:22 0:43
Mika Zibanejad 0 1 1 1 0 6 1 0 2 0 12/17 19:14 2:12 3:13
Patrick Kane 1 0 1 1 0 4 1 0 1 0 0/1 17:42 1:53 0:00
Philippe Myers 0 0 0 0 0 0 0 0 0 0 0/0 14:15 0:00 3:17
Shayne Gostisbehere 0 0 0 1 0 1 2 1 0 0 0/0 21:49 1:22 2:59
Steven Stamkos 1 0 1 1 0 7 3 1 0 1 10/25 17:42 1:53 0:00
Zach Bogosian 0 0 0 1 0 0 2 1 0 3 0/0 16:44 0:00 0:21
Players Stats for New York Rangers
Player Name G A P +/- PIM S H SB GA TA FO MP PP MP PK MP
------------------------------------------------------------------------------------
Adam Larsson 0 0 0 0 0 0 0 0 0 0 0/0 22:52 3:54 2:12
Andre Burakovsky 0 0 0 -1 0 3 2 0 1 0 0/0 13:03 2:22 0:00
Artemi Panarin 0 0 0 0 0 3 1 0 1 0 1/1 19:42 3:03 0:00
Cam Fowler 0 0 0 0 0 1 0 0 0 0 0/0 16:20 0:00 0:00
Cole Caufield 1 0 1 -1 0 3 1 0 0 0 0/1 15:52 3:12 0:00
Conor Garland 0 0 0 0 0 2 0 1 1 1 0/1 11:09 0:01 1:56
David Kampf 0 0 0 0 0 1 1 0 1 1 4/9 10:50 0:01 2:06
Dmitry Kulikov 0 0 0 -1 0 1 0 1 0 0 0/0 18:46 0:00 1:53
Filip Chytil 0 0 0 -1 0 1 0 0 0 0 6/11 10:41 0:00 0:00
Gabriel Landeskog 0 0 0 -1 2 5 2 0 0 0 1/3 14:36 3:12 0:00
Jake McCabe 0 0 0 -1 0 0 1 1 1 1 0/0 16:00 0:00 0:00
Mark Giordano 0 0 0 -1 0 1 2 1 0 0 0/0 20:51 2:22 2:12
Mathew Barzal 0 1 1 0 0 1 0 1 0 0 0/0 21:36 3:54 0:03
Matthew Benning 0 0 0 -1 0 0 1 2 1 0 0/0 18:22 0:00 1:53
Mikael Granlund 0 1 1 -1 0 3 1 1 0 1 6/9 18:14 3:12 1:56
Nathan MacKinnon 0 0 0 0 0 1 1 1 1 1 13/22 19:42 3:03 0:00
Pierre-Luc Dubois 0 0 0 -1 4 2 2 0 4 1 3/10 16:26 3:03 0:03
Tyler Motte 0 0 0 0 0 1 2 2 0 0 0/0 10:50 0:01 2:06
3 Stars
1 - Vitek Vanecek (DET)
2 - Steven Stamkos (DET)
3 - Alexander Barabanov (DET)
Power Play
Detroit Red Wings - 1 on 3 Attempt(s) - 33.33%
New York Rangers - 1 on 5 Attempt(s) - 20.00%
Penalty Kill
Detroit Red Wings - 4 on 5 Attempt(s) - 80.00%
- Score 0 goal in Penalty Kill
New York Rangers - 2 on 3 Attempt(s) - 66.67%
- Score 0 goal in Penalty Kill
Team Stat
Detroit Red Wings - Hits : 23 - Faceoff Wins : 33 - Blocked Shots : 8 - Penalty Minutes : 10
New York Rangers - Hits : 17 - Faceoff Wins : 34 - Blocked Shots : 11 - Penalty Minutes : 6
Official
Referees : Wes McCauley and Kyle Rehman
Linesman : Derek Amell and Don Henderson
Game Notes
No Game Note
Finance
Level 1 -- Attendance: 6000 (100.00%) -- Ticket Income $612,000
Level 2 -- Attendance: 4802 (96.04%) -- Ticket Income $302,526
Level 3 -- Attendance: 2668 (88.93%) -- Ticket Income $109,388
Level 4 -- Attendance: 4259 (85.18%) -- Ticket Income $119,252
Luxury Box -- Attendance: 1000 (100.00%) -- Ticket Income $195,000
Game was played at the Madison Square Garden.
Total Attendance: 18729 (93.65%)
Total Ticket Income: $1,338,166
Other Income: $468,358
Total Income: $1,806,524
Detroit Red Wings
5 vs 5 Forward
Center Left Wing Right Wing Time % Phy DF OF
1 Steven Stamkos Alexander Barabanov Patrick Kane 35 0 1 4
2 Mika Zibanejad Carter Verhaeghe Matthew Boldy 30 0 1 4
3 Anthony Cirelli Jared McCann Daniel Sprong 25 1 2 2
4 Josh Bailey Jonathan Huberdeau Arthur Kaliyev 10 1 2 2
5 vs 5 Defense
Defense Defense Time % Phy DF OF
1 Kevin Shattenkirk MacKenzie Weegar 40 1 2 2
2 Zach Bogosian Shayne Gostisbehere 30 1 2 2
3 Philippe Myers Michael Del Zotto 20 3 1 1
4 Kevin Shattenkirk MacKenzie Weegar 10 1 2 2
PowerPlay Forward
Center Left Wing Right Wing Time % Phy DF OF
1 Steven Stamkos Daniel Sprong Patrick Kane 50 0 1 4
2 Mika Zibanejad Carter Verhaeghe Matthew Boldy 50 0 1 4
PowerPlay Defense
Defense Defense Time % Phy DF OF
1 Kevin Shattenkirk MacKenzie Weegar 50 1 2 2
2 Shayne Gostisbehere Michael Del Zotto 50 1 2 2
Penalty Kill 4 Players Forward
Center Wing Time % Phy DF OF
1 Anthony Cirelli Jared McCann 50 2 2 1
2 Mika Zibanejad Josh Bailey 50 2 2 1
Penalty Kill 4 Players Defense
Defense Defense Time % Phy DF OF
1 Philippe Myers MacKenzie Weegar 50 2 2 1
2 Kevin Shattenkirk Shayne Gostisbehere 50 2 2 1
Penalty Kill - 3 Players Forward
Forward Time % Phy DF OF
1 Mika Zibanejad 50 1 2 2
2 Anthony Cirelli 50 1 2 2
Penalty Kill - 3 Players Defense
Defense Defense Time % Phy DF OF
1 Philippe Myers MacKenzie Weegar 50 1 2 2
2 Kevin Shattenkirk Shayne Gostisbehere 50 2 2 1
4 vs 4 Forward
Center Wing Time % Phy DF OF
1 Mika Zibanejad Carter Verhaeghe 60 1 2 2
2 Steven Stamkos Matthew Boldy 40 1 1 3
4 vs 4 Defense
Defense Defense Time % Phy DF OF
1 Kevin Shattenkirk MacKenzie Weegar 60 1 2 2
2 Zach Bogosian Shayne Gostisbehere 40 1 2 2
Last Minutes Offensive
Center Left Wing Right Wing Defense Defense
Mika Zibanejad Steven Stamkos Matthew Boldy Kevin Shattenkirk MacKenzie Weegar
Last Minutes Defensive
Center Left Wing Right Wing Defense Defense
Mika Zibanejad Carter Verhaeghe Matthew Boldy Kevin Shattenkirk MacKenzie Weegar
Goaltenders
Starting : Vitek Vanecek
Backup : Semyon Varlamov
Extra Forwards
Normal : Josh Bailey, Daniel Sprong, Arthur Kaliyev - PP : Josh Bailey, Arthur Kaliyev - PK : Jared McCann
Extra Defensemen
Normal : Philippe Myers, Michael Del Zotto, Kevin Shattenkirk - PP : Michael Del Zotto - PK : Philippe Myers, Michael Del Zotto
Penalty Shots
Mika Zibanejad, Steven Stamkos, Matthew Boldy, Carter Verhaeghe, Jared McCann
New York Rangers
5 vs 5 Forward
Center Left Wing Right Wing Time % Phy DF OF
1 Nathan MacKinnon Artemi Panarin Mathew Barzal 35 0 1 4
2 Pierre-Luc Dubois Cole Caufield Mikael Granlund 30 1 1 3
3 Filip Chytil Andre Burakovsky Gabriel Landeskog 23 1 2 2
4 David Kampf Conor Garland Tyler Motte 12 1 3 1
5 vs 5 Defense
Defense Defense Time % Phy DF OF
1 Cam Fowler Adam Larsson 35 1 2 2
2 Dmitry Kulikov Mark Giordano 33 1 2 2
3 Matthew Benning Jake McCabe 32 1 2 2
4 Cam Fowler Adam Larsson 0 1 2 2
PowerPlay Forward
Center Left Wing Right Wing Time % Phy DF OF
1 Pierre-Luc Dubois Nathan MacKinnon Artemi Panarin 50 0 1 4
2 Mikael Granlund Gabriel Landeskog Cole Caufield 50 0 1 4
PowerPlay Defense
Defense Defense Time % Phy DF OF
1 Mathew Barzal Adam Larsson 60 1 1 3
2 Andre Burakovsky Mark Giordano 40 1 1 3
Penalty Kill 4 Players Forward
Center Wing Time % Phy DF OF
1 David Kampf Tyler Motte 50 1 3 1
2 Mikael Granlund Conor Garland 50 1 3 1
Penalty Kill 4 Players Defense
Defense Defense Time % Phy DF OF
1 Matthew Benning Dmitry Kulikov 50 1 3 1
2 Adam Larsson Mark Giordano 50 1 3 1
Penalty Kill - 3 Players Forward
Forward Time % Phy DF OF
1 Mikael Granlund 50 1 2 2
2 David Kampf 50 1 2 2
Penalty Kill - 3 Players Defense
Defense Defense Time % Phy DF OF
1 Matthew Benning Dmitry Kulikov 50 1 3 1
2 Adam Larsson Mark Giordano 50 1 3 1
4 vs 4 Forward
Center Wing Time % Phy DF OF
1 Nathan MacKinnon Artemi Panarin 50 0 2 3
2 Pierre-Luc Dubois Mathew Barzal 50 0 2 3
4 vs 4 Defense
Defense Defense Time % Phy DF OF
1 Cam Fowler Adam Larsson 50 1 2 2
2 Dmitry Kulikov Mark Giordano 50 1 2 2
Last Minutes Offensive
Center Left Wing Right Wing Defense Defense
Nathan MacKinnon Artemi Panarin Pierre-Luc Dubois Cam Fowler Adam Larsson
Last Minutes Defensive
Center Left Wing Right Wing Defense Defense
David Kampf Tyler Motte Mikael Granlund Dmitry Kulikov Adam Larsson
Goaltenders
Starting : Igor Shesterkin
Backup : Tristan Jarry
Extra Forwards
Normal : Nathan MacKinnon, Pierre-Luc Dubois, Gabriel Landeskog - PP : Gabriel Landeskog, Cole Caufield - PK : David Kampf
Extra Defensemen
Normal : Matthew Benning, Jake McCabe, Dmitry Kulikov - PP : Matthew Benning - PK : Jake McCabe, Dmitry Kulikov
Penalty Shots
Artemi Panarin, Cole Caufield, Pierre-Luc Dubois, Mark Giordano, Nathan MacKinnon
% Time on Ice - Detroit Red Wings
Lines # - Real PCT - Wanted PCT - Time Play
Normal Forward
1 - 32% - 35% - 16:01
2 - 28% - 30% - 13:49
3 - 24% - 25% - 11:58
4 - 16% - 10% - 7:51
Normal Defense
1 - 38% - 40% - 18:52
2 - 35% - 30% - 17:28
3 - 22% - 20% - 10:58
4 - 5% - 10% - 2:21
PP Forward
1 - 46% - 50% - 1:53
2 - 54% - 50% - 2:12
PP Defense
1 - 67% - 50% - 2:43
2 - 33% - 50% - 1:22
PK Forward
1 - 49% - 50% - 3:03
2 - 51% - 50% - 3:13
PK Defense
1 - 52% - 50% - 3:17
2 - 48% - 50% - 2:59
PK3 Forward
1 - 0% - 50%
2 - 0% - 50%
PK3 Defense
1 - 0% - 50%
2 - 0% - 50%
44 Forward
1 - 0% - 60%
2 - 0% - 40%
44 Defense
1 - 0% - 60%
2 - 0% - 40%
Last Minute Offensive - 0:00
Last Minute Defensive - 0:00
Total
Forward - 60:00
Defense - 60:00
|
% Time on Ice - New York Rangers
Lines # - Real PCT - Wanted PCT - Time Play
Normal Forward
1 - 35% - 35% - 17:09
2 - 27% - 30% - 13:34
3 - 22% - 23% - 10:41
4 - 17% - 12% - 8:15
Normal Defense
1 - 34% - 35% - 16:58
2 - 33% - 33% - 16:17
3 - 32% - 32% - 16:00
4 - 1% - 0% - 0:24
PP Forward
1 - 49% - 50% - 3:03
2 - 51% - 50% - 3:13
PP Defense
1 - 62% - 60% - 3:54
2 - 38% - 40% - 2:22
PK Forward
1 - 53% - 50% - 2:09
2 - 47% - 50% - 1:56
PK Defense
1 - 46% - 50% - 1:53
2 - 54% - 50% - 2:12
PK3 Forward
1 - 0% - 50%
2 - 0% - 50%
PK3 Defense
1 - 0% - 50%
2 - 0% - 50%
44 Forward
1 - 0% - 50%
2 - 0% - 50%
44 Defense
1 - 0% - 50%
2 - 0% - 50%
Last Minute Offensive - 0:00
Last Minute Defensive - 0:00
Total
Forward - 60:00
Defense - 60:00
|
Play-by-Play
1st period
0:01 of 1st period - Nathan MacKinnon wins face-off versus Steven Stamkos in neutral zone.
0:26 of 1st period - Cam Fowler is hit by Carter Verhaeghe and loses puck.
1:19 of 1st period - Snap shot by Andre Burakovsky.
1:19 of 1st period - Stopped by Vitek Vanecek without a rebound.
1:20 of 1st period - David Kampf wins face-off versus Steven Stamkos in Detroit Red Wings zone.
2:59 of 1st period - Slapshot by Steven Stamkos.
2:59 of 1st period - Stopped by Igor Shesterkin without a rebound.
3:00 of 1st period - Nathan MacKinnon wins face-off versus Steven Stamkos in New York Rangers zone.
3:05 of 1st period - Philippe Myers is hit by Mark Giordano and loses puck.
3:22 of 1st period - Wrist shot by Steven Stamkos.
3:22 of 1st period - Deflect By Dmitry Kulikov.
3:22 of 1st period - Shot Misses the Net.
3:22 of 1st period - Puck is out of play.
3:23 of 1st period - Mika Zibanejad wins face-off versus Filip Chytil in New York Rangers zone.
3:46 of 1st period - Minor Penalty to Gabriel Landeskog for Hooking.
3:47 of 1st period - David Kampf wins face-off versus Steven Stamkos in New York Rangers zone.
3:56 of 1st period - Matthew Benning is hit by Steven Stamkos and loses puck.
5:30 of 1st period - Kevin Shattenkirk is hit by Mark Giordano and loses puck.
5:46 of 1st period - Penalty to Gabriel Landeskog is over, Gabriel Landeskog is back on ice.
5:53 of 1st period - Snap shot by Pierre-Luc Dubois.
5:53 of 1st period - Shot Misses the Net.
5:59 of 1st period - Wrist shot by Pierre-Luc Dubois.
5:59 of 1st period - Stopped by Vitek Vanecek with a rebound.
6:20 of 1st period - Wrist shot by Andre Burakovsky.
6:20 of 1st period - Shot Misses the Net.
6:32 of 1st period - Philippe Myers is hit by Matthew Benning and loses puck.
7:55 of 1st period - MacKenzie Weegar is hit by Pierre-Luc Dubois and loses puck.
8:15 of 1st period - Dmitry Kulikov is hit by Michael Del Zotto and loses puck.
8:28 of 1st period - Jake McCabe is hit by Alexander Barabanov and loses puck.
8:35 of 1st period - Steven Stamkos is hit by Gabriel Landeskog and loses puck.
8:50 of 1st period - Anthony Cirelli is hit by Pierre-Luc Dubois and loses puck.
9:05 of 1st period - Wrist shot by Cole Caufield.
9:05 of 1st period - Stopped by Vitek Vanecek without a rebound.
9:06 of 1st period - David Kampf wins face-off versus Josh Bailey in Detroit Red Wings zone.
9:15 of 1st period - Snap shot by Jonathan Huberdeau.
9:15 of 1st period - Shot Misses the Net.
9:31 of 1st period - Dmitry Kulikov is hit by Jared McCann and loses puck.
9:36 of 1st period - Wrist shot by Jared McCann.
9:36 of 1st period - Deflect By Conor Garland.
9:36 of 1st period - Shot Misses the Net.
9:36 of 1st period - Puck is out of play.
9:37 of 1st period - Anthony Cirelli wins face-off versus Nathan MacKinnon in New York Rangers zone.
9:47 of 1st period - Off-side.
9:48 of 1st period - Steven Stamkos wins face-off versus Pierre-Luc Dubois in neutral zone.
9:51 of 1st period - Snap shot by Steven Stamkos.
9:51 of 1st period - Deflect By Patrick Kane.
9:51 of 1st period - Shot Misses the Net.
9:51 of 1st period - Puck is out of play.
9:52 of 1st period - Pierre-Luc Dubois wins face-off versus Patrick Kane in New York Rangers zone.
9:52 of 1st period - Pierre-Luc Dubois is hit by Steven Stamkos.
10:09 of 1st period - Minor Penalty to Pierre-Luc Dubois for Cross-checking.
10:10 of 1st period - Mika Zibanejad wins face-off versus David Kampf in New York Rangers zone.
10:22 of 1st period - Snap shot by Mika Zibanejad.
10:22 of 1st period - Stopped by Igor Shesterkin without a rebound.
10:23 of 1st period - Mikael Granlund wins face-off versus Matthew Boldy in New York Rangers zone.
10:54 of 1st period - Slapshot by Steven Stamkos.
10:54 of 1st period - Stopped by Igor Shesterkin without a rebound.
10:55 of 1st period - Mikael Granlund wins face-off versus Daniel Sprong in New York Rangers zone.
11:49 of 1st period - Slapshot by Mika Zibanejad.
11:49 of 1st period - Stopped by Igor Shesterkin with a rebound.
11:51 of 1st period - Wrist shot by Mika Zibanejad.
11:51 of 1st period - Stopped by Igor Shesterkin with a rebound.
11:53 of 1st period - Slapshot by MacKenzie Weegar.
11:53 of 1st period - Shot Blocked by Tyler Motte.
11:55 of 1st period - Slapshot by MacKenzie Weegar.
11:55 of 1st period - Stopped by Igor Shesterkin with a rebound.
12:09 of 1st period - Penalty to Pierre-Luc Dubois is over, Pierre-Luc Dubois is back on ice.
12:18 of 1st period - MacKenzie Weegar is hit by Mikael Granlund and loses puck.
12:35 of 1st period - Snap shot by Mika Zibanejad.
12:35 of 1st period - Shot Misses the Net.
12:37 of 1st period - Slapshot by MacKenzie Weegar.
12:37 of 1st period - Stopped by Igor Shesterkin without a rebound.
12:38 of 1st period - Steven Stamkos wins face-off versus Nathan MacKinnon in New York Rangers zone.
12:39 of 1st period - Wrist shot by Patrick Kane.
12:39 of 1st period - Stopped by Igor Shesterkin without a rebound.
12:40 of 1st period - Nathan MacKinnon wins face-off versus Steven Stamkos in New York Rangers zone.
12:49 of 1st period - Snap shot by Artemi Panarin.
12:49 of 1st period - Stopped by Vitek Vanecek with a rebound.
12:51 of 1st period - Wrist shot by Cam Fowler.
12:51 of 1st period - Stopped by Vitek Vanecek without a rebound.
12:52 of 1st period - Nathan MacKinnon wins face-off versus Steven Stamkos in Detroit Red Wings zone.
12:55 of 1st period - Wrist shot by Artemi Panarin.
12:55 of 1st period - Shot Misses the Net.
14:01 of 1st period - Backhand shot by Jared McCann.
14:01 of 1st period - Stopped by Igor Shesterkin without a rebound.
14:02 of 1st period - Steven Stamkos wins face-off versus Nathan MacKinnon in New York Rangers zone.
14:07 of 1st period - Slapshot by Patrick Kane.
14:07 of 1st period - Shot Misses the Net.
15:20 of 1st period - Slapshot by Arthur Kaliyev.
15:20 of 1st period - Stopped by Igor Shesterkin without a rebound.
15:21 of 1st period - Filip Chytil wins face-off versus Steven Stamkos in New York Rangers zone.
16:05 of 1st period - Minor Penalty to Pierre-Luc Dubois for Goalie Interference.
16:06 of 1st period - Steven Stamkos wins face-off versus Conor Garland in New York Rangers zone.
16:12 of 1st period - Snap shot by Patrick Kane.
16:12 of 1st period - Goal by Patrick Kane - Detroit Red Wings : 1 - New York Rangers : 0.
16:13 of 1st period - Filip Chytil wins face-off versus Steven Stamkos in neutral zone.
16:23 of 1st period - Gabriel Landeskog is hit by Kevin Shattenkirk and loses puck.
16:38 of 1st period - Nathan MacKinnon is hit by Matthew Boldy and loses puck.
16:45 of 1st period - Mika Zibanejad is hit by Artemi Panarin and loses puck.
17:00 of 1st period - Wrist shot by Daniel Sprong.
17:00 of 1st period - Shot Blocked by Mark Giordano.
17:02 of 1st period - Snap shot by Daniel Sprong.
17:02 of 1st period - Stopped by Igor Shesterkin with a rebound.
17:44 of 1st period - Snap shot by Carter Verhaeghe.
17:44 of 1st period - Shot Blocked by Matthew Benning.
17:46 of 1st period - Snap shot by Carter Verhaeghe.
17:46 of 1st period - Goal by Carter Verhaeghe - Detroit Red Wings : 2 - New York Rangers : 0.
17:47 of 1st period - Steven Stamkos wins face-off versus Nathan MacKinnon in neutral zone.
18:59 of 1st period - Snap shot by Conor Garland.
18:59 of 1st period - Stopped by Vitek Vanecek without a rebound.
19:00 of 1st period - Josh Bailey wins face-off versus David Kampf in Detroit Red Wings zone.
19:00 of 1st period - Josh Bailey is hit by Tyler Motte.
19:16 of 1st period - Snap shot by Conor Garland.
19:16 of 1st period - Shot Misses the Net.
19:41 of 1st period - Off-side.
19:42 of 1st period - Nathan MacKinnon wins face-off versus Steven Stamkos in neutral zone.
Goals for this period are 2 for Detroit Red Wings vs 0 for New York Rangers.
Shots for this period are 13 for Detroit Red Wings vs 6 for New York Rangers.
2nd period
0:01 of 2nd period - Nathan MacKinnon wins face-off versus Steven Stamkos in neutral zone.
0:27 of 2nd period - Kevin Shattenkirk is hit by Gabriel Landeskog and loses puck.
0:55 of 2nd period - Icing by Zach Bogosian.
0:56 of 2nd period - Anthony Cirelli wins face-off versus Cole Caufield in Detroit Red Wings zone.
1:03 of 2nd period - Adam Larsson is hit by Shayne Gostisbehere and loses puck.
1:49 of 2nd period - Filip Chytil is hit by Zach Bogosian and loses puck.
2:27 of 2nd period - Daniel Sprong is hit by Tyler Motte and loses puck.
2:56 of 2nd period - Snap shot by Patrick Kane.
2:56 of 2nd period - Shot Misses the Net.
2:58 of 2nd period - Slapshot by MacKenzie Weegar.
2:58 of 2nd period - Stopped by Igor Shesterkin without a rebound.
2:59 of 2nd period - Mika Zibanejad wins face-off versus Nathan MacKinnon in New York Rangers zone.
4:01 of 2nd period - Snap shot by Mikael Granlund.
4:01 of 2nd period - Stopped by Vitek Vanecek without a rebound.
4:02 of 2nd period - Mika Zibanejad wins face-off versus Nathan MacKinnon in Detroit Red Wings zone.
4:11 of 2nd period - Wrist shot by Mika Zibanejad.
4:11 of 2nd period - Shot Misses the Net.
4:15 of 2nd period - Slapshot by Mika Zibanejad.
4:15 of 2nd period - Stopped by Igor Shesterkin with a rebound.
4:17 of 2nd period - Snap shot by Carter Verhaeghe.
4:17 of 2nd period - Stopped by Igor Shesterkin with a rebound.
4:19 of 2nd period - Wrist shot by Mika Zibanejad.
4:19 of 2nd period - Deflect By Matthew Boldy.
4:19 of 2nd period - Stopped by Igor Shesterkin with a rebound.
4:49 of 2nd period - Shayne Gostisbehere is hit by David Kampf and loses puck.
4:58 of 2nd period - Snap shot by David Kampf.
4:58 of 2nd period - Stopped by Vitek Vanecek without a rebound.
4:59 of 2nd period - Artemi Panarin wins face-off versus Alexander Barabanov in Detroit Red Wings zone.
5:43 of 2nd period - Minor Penalty to Carter Verhaeghe for Hooking.
5:44 of 2nd period - Pierre-Luc Dubois wins face-off versus Anthony Cirelli in Detroit Red Wings zone.
5:53 of 2nd period - Wrist shot by Artemi Panarin.
5:53 of 2nd period - Shot Blocked by Kevin Shattenkirk.
6:18 of 2nd period - Backhand shot by Shayne Gostisbehere.
6:18 of 2nd period - Deflect By Mikael Granlund.
6:18 of 2nd period - Stopped by Igor Shesterkin without a rebound.
6:19 of 2nd period - Mikael Granlund wins face-off versus Mika Zibanejad in New York Rangers zone.
6:24 of 2nd period - Slapshot by Andre Burakovsky.
6:24 of 2nd period - Deflect By Cole Caufield.
6:24 of 2nd period - Stopped by Vitek Vanecek without a rebound.
6:25 of 2nd period - Mika Zibanejad wins face-off versus Gabriel Landeskog in Detroit Red Wings zone.
7:32 of 2nd period - Anthony Cirelli is hit by Andre Burakovsky and loses puck.
7:43 of 2nd period - Penalty to Carter Verhaeghe is over, Carter Verhaeghe is back on ice.
7:51 of 2nd period - Slapshot by Patrick Kane.
7:51 of 2nd period - Shot Misses the Net.
7:53 of 2nd period - Snap shot by Alexander Barabanov.
7:53 of 2nd period - Stopped by Igor Shesterkin without a rebound.
7:54 of 2nd period - Steven Stamkos wins face-off versus David Kampf in New York Rangers zone.
8:00 of 2nd period - Icing by David Kampf.
8:01 of 2nd period - David Kampf wins face-off versus Steven Stamkos in New York Rangers zone.
8:01 of 2nd period - David Kampf is hit by Steven Stamkos.
9:00 of 2nd period - Wrist shot by Conor Garland.
9:00 of 2nd period - Shot Misses the Net.
9:02 of 2nd period - Snap shot by Conor Garland.
9:02 of 2nd period - Shot Blocked by Alexander Barabanov.
9:04 of 2nd period - Wrist shot by Tyler Motte.
9:04 of 2nd period - Stopped by Vitek Vanecek without a rebound.
9:05 of 2nd period - Nathan MacKinnon wins face-off versus Mika Zibanejad in Detroit Red Wings zone.
9:12 of 2nd period - Wrist shot by Nathan MacKinnon.
9:12 of 2nd period - Shot Misses the Net.
9:32 of 2nd period - Kevin Shattenkirk is hit by Cole Caufield and loses puck.
9:45 of 2nd period - Mikael Granlund is hit by Kevin Shattenkirk.
9:59 of 2nd period - Snap shot by Andre Burakovsky.
9:59 of 2nd period - Stopped by Vitek Vanecek without a rebound.
10:00 of 2nd period - Anthony Cirelli wins face-off versus Filip Chytil in Detroit Red Wings zone.
10:07 of 2nd period - Slapshot by Anthony Cirelli.
10:07 of 2nd period - Stopped by Igor Shesterkin without a rebound.
10:08 of 2nd period - Anthony Cirelli wins face-off versus Nathan MacKinnon in New York Rangers zone.
10:12 of 2nd period - Icing by Cam Fowler.
10:13 of 2nd period - Anthony Cirelli wins face-off versus Nathan MacKinnon in New York Rangers zone.
10:18 of 2nd period - Wrist shot by Anthony Cirelli.
10:18 of 2nd period - Shot Misses the Net.
10:40 of 2nd period - Pierre-Luc Dubois is hit by Matthew Boldy and loses puck.
10:51 of 2nd period - Snap shot by Cole Caufield.
10:51 of 2nd period - Shot Blocked by Zach Bogosian.
12:01 of 2nd period - Off-side.
12:02 of 2nd period - Anthony Cirelli wins face-off versus David Kampf in neutral zone.
12:27 of 2nd period - Kevin Shattenkirk is hit by Nathan MacKinnon and loses puck.
13:18 of 2nd period - Slapshot by Jared McCann.
13:18 of 2nd period - Shot Misses the Net.
13:21 of 2nd period - Icing by Dmitry Kulikov.
13:22 of 2nd period - Mika Zibanejad wins face-off versus Pierre-Luc Dubois in New York Rangers zone.
13:31 of 2nd period - Backhand shot by Pierre-Luc Dubois.
13:31 of 2nd period - Stopped by Vitek Vanecek without a rebound.
13:32 of 2nd period - Mika Zibanejad wins face-off versus Nathan MacKinnon in Detroit Red Wings zone.
13:52 of 2nd period - Snap shot by Mika Zibanejad.
13:52 of 2nd period - Deflect By Matthew Boldy.
13:52 of 2nd period - Shot Misses the Net.
13:52 of 2nd period - Puck is out of play.
13:53 of 2nd period - Gabriel Landeskog wins face-off versus Alexander Barabanov in New York Rangers zone.
14:18 of 2nd period - Matthew Benning is hit by Anthony Cirelli and loses puck.
14:27 of 2nd period - Wrist shot by Daniel Sprong.
14:27 of 2nd period - Stopped by Igor Shesterkin with a rebound.
14:29 of 2nd period - Snap shot by Daniel Sprong.
14:29 of 2nd period - Shot Blocked by Nathan MacKinnon.
14:39 of 2nd period - Carter Verhaeghe is hit by Jake McCabe and loses puck.
14:46 of 2nd period - Mikael Granlund is hit by MacKenzie Weegar and loses puck.
15:01 of 2nd period - Snap shot by Cole Caufield.
15:01 of 2nd period - Deflect By Gabriel Landeskog.
15:01 of 2nd period - Stopped by Vitek Vanecek without a rebound.
15:02 of 2nd period - Filip Chytil wins face-off versus Josh Bailey in Detroit Red Wings zone.
15:03 of 2nd period - Snap shot by Andre Burakovsky.
15:03 of 2nd period - Shot Misses the Net.
15:26 of 2nd period - Snap shot by Gabriel Landeskog.
15:26 of 2nd period - Stopped by Vitek Vanecek without a rebound.
15:27 of 2nd period - Nathan MacKinnon wins face-off versus Steven Stamkos in Detroit Red Wings zone.
15:57 of 2nd period - Minor Penalty to Kevin Shattenkirk for Unsportsmanlike conduct.
15:58 of 2nd period - Mikael Granlund wins face-off versus Mika Zibanejad in Detroit Red Wings zone.
17:57 of 2nd period - Penalty to Kevin Shattenkirk is over, Kevin Shattenkirk is back on ice.
18:01 of 2nd period - Slapshot by Conor Garland.
18:01 of 2nd period - Stopped by Vitek Vanecek without a rebound.
18:02 of 2nd period - Steven Stamkos wins face-off versus David Kampf in Detroit Red Wings zone.
18:07 of 2nd period - Snap shot by Patrick Kane.
18:07 of 2nd period - Shot Blocked by Conor Garland.
18:28 of 2nd period - Slapshot by David Kampf.
18:28 of 2nd period - Shot Misses the Net.
18:30 of 2nd period - Snap shot by Jake McCabe.
18:30 of 2nd period - Shot Blocked by Kevin Shattenkirk.
18:32 of 2nd period - Wrist shot by Filip Chytil.
18:32 of 2nd period - Stopped by Vitek Vanecek with a rebound.
18:34 of 2nd period - Snap shot by Andre Burakovsky.
18:34 of 2nd period - Stopped by Vitek Vanecek with a rebound.
18:48 of 2nd period - Snap shot by Mathew Barzal.
18:48 of 2nd period - Stopped by Vitek Vanecek with a rebound.
19:50 of 2nd period - Slapshot by Mark Giordano.
19:50 of 2nd period - Shot Misses the Net.
19:56 of 2nd period - Wrist shot by Arthur Kaliyev.
19:56 of 2nd period - Shot Misses the Net.
Goals for this period are 0 for Detroit Red Wings vs 0 for New York Rangers.
Shots for this period are 8 for Detroit Red Wings vs 12 for New York Rangers.
3rd period
0:01 of 3rd period - Nathan MacKinnon wins face-off versus Steven Stamkos in neutral zone.
0:12 of 3rd period - Wrist shot by Nathan MacKinnon.
0:12 of 3rd period - Stopped by Vitek Vanecek without a rebound.
0:13 of 3rd period - Nathan MacKinnon wins face-off versus Mika Zibanejad in Detroit Red Wings zone.
0:40 of 3rd period - Cole Caufield is hit by Patrick Kane and loses puck.
1:51 of 3rd period - Snap shot by Nathan MacKinnon.
1:51 of 3rd period - Shot Misses the Net.
1:57 of 3rd period - Minor Penalty to Carter Verhaeghe for Hooking.
1:58 of 3rd period - Anthony Cirelli wins face-off versus Pierre-Luc Dubois in Detroit Red Wings zone.
2:15 of 3rd period - Snap shot by Artemi Panarin.
2:15 of 3rd period - Stopped by Vitek Vanecek with a rebound.
2:31 of 3rd period - Wrist shot by Gabriel Landeskog.
2:31 of 3rd period - Stopped by Vitek Vanecek with a rebound.
2:33 of 3rd period - Snap shot by Mikael Granlund.
2:33 of 3rd period - Shot Blocked by MacKenzie Weegar.
2:35 of 3rd period - Slapshot by Mathew Barzal.
2:35 of 3rd period - Deflect By Gabriel Landeskog.
2:35 of 3rd period - Stopped by Vitek Vanecek without a rebound.
2:36 of 3rd period - Mika Zibanejad wins face-off versus Pierre-Luc Dubois in Detroit Red Wings zone.
3:03 of 3rd period - Andre Burakovsky is hit by Shayne Gostisbehere and loses puck.
3:12 of 3rd period - Wrist shot by Mika Zibanejad.
3:12 of 3rd period - Stopped by Igor Shesterkin without a rebound.
3:13 of 3rd period - Mika Zibanejad wins face-off versus Pierre-Luc Dubois in New York Rangers zone.
3:14 of 3rd period - Wrist shot by Josh Bailey.
3:14 of 3rd period - Stopped by Igor Shesterkin without a rebound.
3:15 of 3rd period - Mika Zibanejad wins face-off versus Pierre-Luc Dubois in New York Rangers zone.
3:42 of 3rd period - Snap shot by Mikael Granlund.
3:42 of 3rd period - Shot Misses the Net.
3:44 of 3rd period - Snap shot by Mark Giordano.
3:44 of 3rd period - Stopped by Vitek Vanecek with a rebound.
3:46 of 3rd period - Wrist shot by Mark Giordano.
3:46 of 3rd period - Deflect By Cole Caufield.
3:46 of 3rd period - Shot Blocked by MacKenzie Weegar.
3:46 of 3rd period - Puck is out of play.
3:47 of 3rd period - Anthony Cirelli wins face-off versus Mikael Granlund in Detroit Red Wings zone.
3:57 of 3rd period - Penalty to Carter Verhaeghe is over, Carter Verhaeghe is back on ice.
4:14 of 3rd period - Snap shot by Steven Stamkos.
4:14 of 3rd period - Stopped by Igor Shesterkin with a rebound.
4:16 of 3rd period - Snap shot by Patrick Kane.
4:16 of 3rd period - Shot Blocked by Tyler Motte.
4:18 of 3rd period - Snap shot by Patrick Kane.
4:18 of 3rd period - Deflect By Steven Stamkos.
4:18 of 3rd period - Stopped by Igor Shesterkin without a rebound.
4:19 of 3rd period - Alexander Barabanov wins face-off versus Gabriel Landeskog in New York Rangers zone.
4:22 of 3rd period - Snap shot by Patrick Kane.
4:22 of 3rd period - Stopped by Igor Shesterkin without a rebound.
4:23 of 3rd period - Steven Stamkos wins face-off versus Filip Chytil in New York Rangers zone.
4:50 of 3rd period - Matthew Benning is hit by Mika Zibanejad.
5:18 of 3rd period - Snap shot by MacKenzie Weegar.
5:18 of 3rd period - Deflect By Jared McCann.
5:18 of 3rd period - Shot Misses the Net.
5:18 of 3rd period - Puck is out of play.
5:19 of 3rd period - Nathan MacKinnon wins face-off versus Steven Stamkos in New York Rangers zone.
5:30 of 3rd period - Mark Giordano is hit by Alexander Barabanov.
5:34 of 3rd period - Wrist shot by Steven Stamkos.
5:34 of 3rd period - Stopped by Igor Shesterkin without a rebound.
5:35 of 3rd period - Mika Zibanejad wins face-off versus Pierre-Luc Dubois in New York Rangers zone.
6:09 of 3rd period - Snap shot by Alexander Barabanov.
6:09 of 3rd period - Stopped by Igor Shesterkin with a rebound.
6:11 of 3rd period - Slapshot by Kevin Shattenkirk.
6:11 of 3rd period - Deflect By Patrick Kane.
6:11 of 3rd period - Deflect By Nathan MacKinnon.
6:11 of 3rd period - Stopped by Igor Shesterkin with a rebound.
6:14 of 3rd period - Icing by Cam Fowler.
6:15 of 3rd period - Nathan MacKinnon wins face-off versus Anthony Cirelli in New York Rangers zone.
6:15 of 3rd period - Nathan MacKinnon is hit by Anthony Cirelli.
7:23 of 3rd period - Nathan MacKinnon is hit by Daniel Sprong and loses puck.
7:36 of 3rd period - Slapshot by Shayne Gostisbehere.
7:36 of 3rd period - Shot Blocked by Mathew Barzal.
8:09 of 3rd period - Wrist shot by Artemi Panarin.
8:09 of 3rd period - Stopped by Vitek Vanecek without a rebound.
8:10 of 3rd period - Pierre-Luc Dubois wins face-off versus Steven Stamkos in Detroit Red Wings zone.
8:15 of 3rd period - Wrist shot by Mikael Granlund.
8:15 of 3rd period - Stopped by Vitek Vanecek without a rebound.
8:16 of 3rd period - Steven Stamkos wins face-off versus Mikael Granlund in Detroit Red Wings zone.
9:01 of 3rd period - Snap shot by Steven Stamkos.
9:01 of 3rd period - Shot Misses the Net.
9:03 of 3rd period - Wrist shot by Steven Stamkos.
9:03 of 3rd period - Shot Blocked by Dmitry Kulikov.
9:05 of 3rd period - Snap shot by Steven Stamkos.
9:05 of 3rd period - Stopped by Igor Shesterkin with a rebound.
9:07 of 3rd period - Slapshot by Kevin Shattenkirk.
9:07 of 3rd period - Shot Misses the Net.
9:09 of 3rd period - Snap shot by Alexander Barabanov.
9:09 of 3rd period - Shot Misses the Net.
9:11 of 3rd period - Slapshot by MacKenzie Weegar.
9:11 of 3rd period - Shot Blocked by Mikael Granlund.
9:13 of 3rd period - Snap shot by Steven Stamkos.
9:13 of 3rd period - Goal by Steven Stamkos - Detroit Red Wings : 3 - New York Rangers : 0.
9:14 of 3rd period - Mika Zibanejad wins face-off versus Filip Chytil in neutral zone.
9:38 of 3rd period - Icing by Jake McCabe.
9:39 of 3rd period - Filip Chytil wins face-off versus Josh Bailey in New York Rangers zone.
10:10 of 3rd period - Slapshot by Mikael Granlund.
10:10 of 3rd period - Stopped by Vitek Vanecek with a rebound.
10:12 of 3rd period - Snap shot by Dmitry Kulikov.
10:12 of 3rd period - Stopped by Vitek Vanecek without a rebound.
10:13 of 3rd period - Steven Stamkos wins face-off versus Filip Chytil in Detroit Red Wings zone.
10:35 of 3rd period - Steven Stamkos is hit by Andre Burakovsky and loses puck.
10:56 of 3rd period - Snap shot by Pierre-Luc Dubois.
10:56 of 3rd period - Shot Misses the Net.
11:12 of 3rd period - Snap shot by Jared McCann.
11:12 of 3rd period - Stopped by Igor Shesterkin with a rebound.
11:48 of 3rd period - Andre Burakovsky is hit by Kevin Shattenkirk and loses puck.
14:22 of 3rd period - Tyler Motte is hit by Zach Bogosian and loses puck.
14:37 of 3rd period - Snap shot by Gabriel Landeskog.
14:37 of 3rd period - Shot Misses the Net.
15:02 of 3rd period - Wrist shot by Matthew Boldy.
15:02 of 3rd period - Shot Misses the Net.
15:10 of 3rd period - Slapshot by Mika Zibanejad.
15:10 of 3rd period - Stopped by Igor Shesterkin without a rebound.
15:11 of 3rd period - Nathan MacKinnon wins face-off versus Daniel Sprong in New York Rangers zone.
15:24 of 3rd period - Snap shot by Artemi Panarin.
15:24 of 3rd period - Shot Misses the Net.
15:42 of 3rd period - Slapshot by Kevin Shattenkirk.
15:42 of 3rd period - Shot Blocked by Jake McCabe.
16:19 of 3rd period - Minor Penalty to Michael Del Zotto for Hooking.
16:20 of 3rd period - Mikael Granlund wins face-off versus Mika Zibanejad in Detroit Red Wings zone.
16:24 of 3rd period - Snap shot by Gabriel Landeskog.
16:24 of 3rd period - Stopped by Vitek Vanecek without a rebound.
16:25 of 3rd period - Mikael Granlund wins face-off versus Josh Bailey in Detroit Red Wings zone.
16:34 of 3rd period - Slapshot by Cole Caufield.
16:34 of 3rd period - Goal by Cole Caufield - Detroit Red Wings : 3 - New York Rangers : 1.
16:35 of 3rd period - Filip Chytil wins face-off versus Anthony Cirelli in neutral zone.
17:11 of 3rd period - Wrist shot by Artemi Panarin.
17:11 of 3rd period - Shot Misses the Net.
17:13 of 3rd period - Snap shot by Artemi Panarin.
17:13 of 3rd period - Shot Blocked by Steven Stamkos.
17:29 of 3rd period - Slapshot by Matthew Boldy.
17:29 of 3rd period - Deflect By Carter Verhaeghe.
17:29 of 3rd period - Stopped by Igor Shesterkin with a rebound.
17:31 of 3rd period - Slapshot by MacKenzie Weegar.
17:31 of 3rd period - Shot Blocked by Matthew Benning.
18:57 of 3rd period - Wrist shot by Matthew Boldy.
18:57 of 3rd period - Stopped by Igor Shesterkin without a rebound.
18:58 of 3rd period - Filip Chytil wins face-off versus Anthony Cirelli in New York Rangers zone.
19:11 of 3rd period - Snap shot by Gabriel Landeskog.
19:11 of 3rd period - Shot Blocked by Shayne Gostisbehere.
19:55 of 3rd period - Minor Penalty to Carter Verhaeghe for Hooking.
19:56 of 3rd period - Anthony Cirelli wins face-off versus Mikael Granlund in Detroit Red Wings zone.
Goals for this period are 1 for Detroit Red Wings vs 1 for New York Rangers.
Shots for this period are 14 for Detroit Red Wings vs 11 for New York Rangers.
Back to the Top